Match 42434339
Unlisted

Match 42434339
End
Royal Engineer Section
Construct Section Command Post
Selects Canadian Shock Battlegroup
Dingo Light Scout Car
Infantry Section
Royal Engineer Section
Selects Attacking Spirit
Selects Canadian Shock Section
Canadian Shock Section
Construct Platoon Command Post
Humber Armored Car
Construct Field Infirmary
Canadian Shock Section
Selects Incendiary Munitions
Selects Pyrotechnics
Construct Company Command Post
Canadian Shock Section
Crusader II Medium Tank
Infantry Section
6-pounder Anti-tank Gun Team
Crusader II Medium Tank
Crusader II Medium Tank
Crusader II Medium Tank
Crusader II Medium Tank
Canadian Shock Section
Evonick exe
Grand.G
0
0

Comments sign in to comment!

No comments posted yet!